 Dungeon Crawl Stone Soup version 0.31.0-11-ge490571c62 (webtiles) character file.

Game seed: 12127861927870736189

205225 tilp the Severer (level 18, -6/167 (174) HPs)
             Began as a Minotaur Berserker on Feb 6, 2024.
             Was a High Priest of Trog.
             Killed from afar by a nagaraja (10 damage)
             ... with a splash of poison
             ... on level 4 of the Snake Pit.
             The game lasted 00:42:20 (25004 turns).

tilp the Severer (Minotaur Berserker)              Turns: 25004, Time: 00:42:21

HP:   -6/167 (174)  AC: 29    Str: 31    XL:     18   Next: 41%
MP:   26/26         EV: 15    Int:  4    God:    Trog [*****.]
Gold: 111           SH: 11    Dex: 12    Spells: 17/17 levels left

rFire   + + .        a - +12 broad axe "Puxzaw" {flame, rF+ rC+ rN+ Str+3}
rCold   + . .        R - +0 kite shield
rNeg    + . .        B - +3 plate armour {rF+}
rPois   +            c - +2 hat {Will+}
rElec   .            J - +2 cloak
rCorr   .            (no gloves)
SInv    .            D - +2 pair of boots of the Lion {rPois MP+9}
Will    +++..        A - amulet of regeneration Stlth
                     N - +5 ring of evasion
HPRegen 1.27/turn    P - ring "Pieddaergho" {Will+ Slay+3}
MPRegen 0.20/turn

%: no passive effects
@: lethally poisoned (-6 -> -23), about to teleport, constricted, lightly
drained
A: horns 2, retaliatory headbutt
a: Renounce Religion, Berserk, Trog's Hand, Brothers in Arms


You were on level 4 of the Snake Pit.
You worshipped Trog.
Trog was extremely pleased with you.
You visited 4 branches of the dungeon, and saw 26 of its levels.
You also visited: Gauntlet.

You collected 3087 gold pieces.
You spent 2976 gold pieces at shops.

Inventory:

Hand Weapons
 a - the +12 broad axe "Puxzaw" (weapon) {flame, rF+ rC+ rN+ Str+3}
   (Trog gifted it to you on level 3 of the Lair of Beasts)

   Str+3:     It affects your strength (+3).
   rF+:       It protects you from fire.
   rC+:       It protects you from cold.
   rN+:       It protects you from negative energy.
 b - a +7 antimagic broad axe
Missiles
 q - 48 poisoned darts
 r - 5 throwing nets {!f}
 v - 37 boomerangs (quivered)
 y - 11 javelins
 M - 3 curare-tipped darts {!f}
 O - 2 atropa-tipped darts
Armour
 c - a +2 hat of willpower (worn)
 B - a +3 plate armour of fire resistance (worn)
 D - the +2 pair of boots of the Lion (worn) {rPois MP+9}
   (You acquired it on level 2 of the Snake Pit)

   rPois:     It protects you from poison MP+9: It affects your magic capacity
   (+9).
 H - an orb of light
 J - a +2 cloak (worn)
 R - a +0 kite shield (worn)
 Z - a +0 tower shield
Jewellery
 j - the ring of Grace {rN+ AC+4}
   (You found it in a Gauntlet)

   [ring of protection]

   AC+4:      It affects your AC (+4).
   rN+:       It protects you from negative energy.
 A - an amulet of regeneration (around neck)
 N - a +5 ring of evasion (left hand)
 P - the ring "Pieddaergho" (right hand) {Will+ Slay+3}
   (You acquired it on level 8 of the Dungeon)

   [ring of willpower]

   Slay+3:    It affects your accuracy & damage with ranged weapons and melee
   (+3).
   Will+:     It increases your willpower.
Wands
 f - a wand of roots (5)
 l - a wand of mindburst (34)
 n - a wand of charming (48)
 w - a wand of quicksilver (15)
 I - a wand of flame (63)
 K - a wand of digging (3)
 V - a wand of polymorph (12)
Scrolls
 z - 6 scrolls of poison
 C - 2 scrolls of blinking
 G - 2 scrolls of fog
 L - 3 scrolls of teleportation
 Q - a scroll of butterflies
 T - a scroll of revelation
Potions
 d - 6 potions of enlightenment
 e - 6 potions of haste
 g - a potion of invisibility
 i - a potion of berserk rage
 m - 2 potions of magic
 o - 9 potions of might
 p - 7 potions of resistance
 s - 4 potions of ambrosia
 t - 7 potions of curing
 u - 3 potions of attraction
 x - 5 potions of heal wounds
 F - 5 potions of mutation
 S - 7 potions of lignification
 X - 7 potions of cancellation
Miscellaneous
 h - a condenser vane
 k - a lightning rod (4/4)
 U - a box of beasts
 W - a phantom mirror
 Y - a phial of floods


   Skills:
 + Level 18.9 Fighting
 - Level 20.0 Axes
 - Level 12.0 Throwing
 - Level 16.0 Armour
 - Level 14.0 Dodging
 - Level 2.0 Stealth
 - Level 10.0 Shields
 - Level 8.0 Evocations


You had 17 spell levels left.
You didn't know any spells.
Your spell library was empty.

Dungeon Overview and Level Annotations

Branches:
Dungeon (15/15)            Temple (0/1) D:6            Lair (5/5) D:8
  Swamp (0/4) Lair:3        Snake (4/4) Lair:3        Slime (0/5) Lair:5
    Orc (2/2) D:9             Elf (0/3) Orc:2        Vaults (0/5) D:14
 Depths (0/4) D:15        Gauntlet (visited)

Altars:
Cheibriados
Dithmenos
Gozag
Nemelex Xobeh
Qazlal
Ru
Uskayaw
Vehumet
Wu Jian
Xom
Jiyva

Shops:
D:4 !!   D:10 [   Orc:2 !!!=   Snake:2 *

Annotations:
D:11 1 runed translucent door, Doxiuhun's ghost, journeyman GnSk


Innate Abilities, Weirdness & Mutations

You have a pair of horns on your head.
You reflexively headbutt those who attack you in melee.


Message History

The naga sharpshooter gestures wildly while chanting.
The naga sharpshooter magically shoots a bolt.
The bolt hits you!
* * * LOW HITPOINT WARNING * * *
The guardian serpent hits you but does no damage.
You block the salamander mystic's attack.
Unknown command.
Unknown command.
Unknown command.
You feel much better.
You feel sick.
* * * LOW HITPOINT WARNING * * *
You are more poisoned.
The naga zaps a wand.
The puff of flame hits you. You resist.
* * * LOW HITPOINT WARNING * * *
The naga ritualist barely misses you. The guardian serpent hits you!
* * * LOW HITPOINT WARNING * * *
The guardian serpent casts a spell at you.
The naga spits poison at you. The splash of poison hits you. You resist.
* * * LOW HITPOINT WARNING * * *
The nagaraja points at you and mumbles some strange words.
You resist with almost no effort. The nagaraja constricts you.
The salamander mystic completely misses you.
Unknown command.
Unknown command.
Unknown command.
Unknown command.
You feel much better.
You feel sick.
* * * LOW HITPOINT WARNING * * *
You are more poisoned.
The naga ritualist closely misses you. The guardian serpent hits you!
* * * LOW HITPOINT WARNING * * *
The naga warrior hits you from afar with a +3 halberd of protection!!
* * * LOW HITPOINT WARNING * * *
You block the naga's attack. You block the naga ritualist's attack.
The nagaraja spits poison at you. The splash of poison hits you!
You are lethally poisoned!
You resist.
You die...

##.....##..##...).##.....##..
###..##....#...#.###.######.
####.....#####.#.###....##
#...))..##)..#.........#
#...#.).#....#........##
#.N.##NS#....'.........#
.S..# #SN#..†.#........##
⌠..NN. #NS#....#........#.
.N.... #N@#..#.#........#.
.N.#. #NN#..#.####.#..##.
..### #..#..#....######.. ..
#.))))#............
....##....#........###.
......#....#..####### ##
.......##..##..#
.........####...#
................#..


You could see a nagaraja (strong, catching breath), a naga warrior (strong), a
naga sharpshooter (strong), a salamander mystic (strong), a naga ritualist
(fast, strong, toxic aura), 3 guardian serpents and a naga (fast, strong).

Vanquished Creatures
  Agnes (D:14)
  4 nagarajas
  A fire giant (D:15)
  The ghost of lDtest the Destroyer, a journeyman GnCj of Ashenzari (Lair:4)
  A minotaur (Gauntlet)
  An ettin (D:12)
  4 hydras
  An entropy weaver (shapeshifter) (D:14)
  A rakshasa (D:15)
  A salamander tyrant (Snake:4)
  Erolcha (Orc:1)
  4 centaur warriors
  Harold (D:10)
  4 catoblepae
  10 anacondas
  An ogre mage (D:15)
  A death knight (D:12)
  15 naga warriors
  A tengu warrior (D:12)
  7 two-headed ogres
  12 death yaks
  10 boulder beetles
  4 death scarabs (Gauntlet)
  5 orc high priests (Orc:2)
  12 naga sharpshooters
  5 shock serpents
  A skyshark (Lair:3)
  Amaemon (D:9)
  2 salamander mystics (Snake:3)
  A spectral death yak (Gauntlet)
  10 mana vipers
  3 spectral hydras (Gauntlet)
  7 naga ritualists
  Pikel (D:7)
  5 deep elf pyromancers
  A lindwurm (Lair:5)
  8 orc knights
  6 cyclopes
  4 orc sorcerers
  A wolf spider (D:15)
  21 ugly things
  The ghost of Flugkiller the Frost Mage, a novice VSIE of Sif Muna (D:7)
  21 elephants
  11 salamanders
  3 meliai (D:13)
  5 manticores
  5 kobold blastminers
  Maurice (D:7)
  18 naga magi
  47 black mambas
  10 slime creatures
  Joseph (D:10)
  An eye of devastation (Gauntlet)
  3 guardian serpents
  3 torpor snails
  12 cane toads
  An orange demon (D:9)
  Maggie (D:7)
  4 kobold demonologists (D:14)
  2 unseen horrors
  5 rime drakes
  An efreet (D:13)
  3 yaktaurs
  17 komodo dragons
  A queen bee (shapeshifter) (D:14)
  A queen bee (Gauntlet)
  4 trolls
  Grinder (D:3)
  3 tyrant leeches (Lair:3)
  2 glass eyes (Gauntlet)
  31 blink frogs
  3 dream sheep (Lair:1)
  A centaur simulacrum (D:12)
  Sigmund (D:3)
  80 yaks
  A shadow (D:12)
  3 basilisks
  2 wraiths
  Grum (Lair:1)
  2 wargs
  Eustachio (D:4)
  6 wyverns
  2 steam dragons
  Menkaure (D:4)
  11 vampire mosquitoes
  2 acid dragons
  58 nagas
  Duvessa (D:4)
  18 water moccasins
  2 black bears
  26 orc warriors
  2 ice beasts
  14 wolves
  6 ogres
  6 centaurs
  8 boggarts
  6 phantoms
  6 kobold brigands
  12 bullfrogs
  8 scorpions
  2 gnoll sergeants (D:9)
  Dowan (D:4)
  11 killer bees
  4 electric eels
  8 howler monkeys
  A bombardier beetle (D:7)
  4 hounds
  4 jellies
  A gnoll bouda (D:6)
  35 orc priests
  Crazy Yiuf (D:7)
  2 iguanas
  3 sleepcaps
  Natasha (thrice) (D:3)
  Ijyb (D:4)
  11 orc wizards
  11 hell rats
  13 gnolls
  4 adders
  7 river rats (Lair:5)
  2 shadow imps (D:7)
  2 white imps
  4 ufetubi
  3 dart slugs
  3 ribbon worms
  86 orcs
  9 bats
  4 endoplasms
  3 giant cockroaches
  5 goblins
  8 hobgoblins
  4 jackals (D:3)
  A quokka (D:3)
  5 ball pythons
  4 frilled lizards
  25 kobolds
  3 rats
988 creatures vanquished.

Vanquished Creatures (collateral kills)
  Saint Roka (Snake:2)
  Rupert (Snake:1)
  A catoblepas (Lair:5)
  A shock serpent (Snake:1)
  A death yak (Lair:5)
  A manticore (Lair:5)
  A yak (Lair:5)
7 creatures vanquished.

Vanquished Creatures (others)
  A yak (Lair:5)
  An orc (Snake:2)
2 creatures vanquished.

Grand Total: 997 creatures vanquished

Notes
Turn   | Place    | Note
-------+----------+-------------------------------------------
     0 | D:1      | tilp the Minotaur Berserker began the quest for the Orb.
     0 | D:1      | Reached XP level 1. HP: 19/19 MP: 0/0
   192 | D:1      | Reached XP level 2. HP: 23/27 MP: 1/1
   322 | D:1      | Reached skill level 4 in Axes
   926 | D:2      | Reached XP level 3. HP: 29/30 MP: 2/2
   943 | D:2      | Reached ** piety under Trog
   953 | D:2      | Reached skill level 1 in Stealth
  1151 | D:3      | Reached XP level 4. HP: 40/40 MP: 3/3
  1334 | D:3      | Noticed Sigmund
  1351 | D:3      | Killed Sigmund
  1352 | D:3      | Reached skill level 5 in Axes
  1352 | D:3      | Reached XP level 5. HP: 47/47 MP: 4/4
  1424 | D:3      | Noticed Grinder
  1424 | D:3      | Noticed Natasha
  1437 | D:3      | Killed Natasha
  1438 | D:3      | Reached XP level 6. HP: 51/53 MP: 5/5
  1449 | D:3      | Noticed Natasha
  1455 | D:3      | Killed Natasha
  1468 | D:3      | Killed Grinder
  1469 | D:3      | Reached skill level 5 in Fighting
  1469 | D:3      | Reached skill level 6 in Axes
  1621 | D:3      | Reached XP level 7. HP: 61/61 MP: 6/6
  1669 | D:3      | Noticed Natasha
  1677 | D:3      | Killed Natasha
  1810 | D:3      | Found a shadowy altar of Dithmenos.
  1815 | D:3      | Found an opulent altar of Gozag.
  1818 | D:3      | Found an ornate altar of the Wu Jian Council.
  2248 | D:4      | Noticed Menkaure
  2260 | D:4      | Killed Menkaure
  2359 | D:4      | Noticed Duvessa
  2359 | D:4      | Noticed Dowan
  2371 | D:4      | Killed Duvessa
  2372 | D:4      | Reached skill level 7 in Axes
  2372 | D:4      | Reached skill level 5 in Armour
  2377 | D:4      | Killed Dowan
  2487 | D:4      | Found a sacrificial altar of Ru.
  2510 | D:4      | Noticed Ijyb
  2533 | D:4      | Killed Ijyb
  2681 | D:4      | Found Lizxass's Distillery.
  2689 | D:4      | Bought a potion of might for 44 gold pieces
  2689 | D:4      | Bought a potion of attraction for 33 gold pieces
  2689 | D:4      | Bought a potion of curing for 33 gold pieces
  2689 | D:4      | Bought a potion of brilliance for 44 gold pieces
  2716 | D:4      | Noticed Eustachio
  2736 | D:4      | Killed Eustachio
  2737 | D:4      | Reached XP level 8. HP: 55/70 MP: 7/7
  2971 | D:4      | Reached skill level 5 in Dodging
  3159 | D:4      | Found Semir's Distillery.
  3163 | D:4      | Bought a potion of degeneration for 12 gold pieces
  3254 | D:5      | Entered Level 5 of the Dungeon
  3272 | D:5      | Reached skill level 8 in Axes
  3314 | D:5      | Found a radiant altar of Vehumet.
  3607 | D:5      | Reached skill level 9 in Axes
  3625 | D:5      | Noticed a troll
  3635 | D:5      | Killed a troll
  3636 | D:5      | Reached XP level 9. HP: 68/79 MP: 8/8
  3764 | D:5      | Reached skill level 10 in Axes
  4297 | D:5      | Reached skill level 11 in Axes
  4720 | D:6      | Found a staircase to the Ecumenical Temple.
  4767 | D:6      | Reached *** piety under Trog
  5087 | D:6      | Identified the +3 sling "Dashob" {heavy, Fly rElec rN+
                  | Dex-2}
  5219 | D:7      | Noticed Maurice
  5224 | D:7      | Killed Maurice
  5225 | D:7      | Reached skill level 12 in Axes
  5292 | D:7      | Noticed Maggie
  5302 | D:7      | Killed Maggie
  5303 | D:7      | Reached XP level 10. HP: 74/91 MP: 9/9
  5375 | D:7      | Found a runed translucent door.
  5376 | D:7      | Noticed Crazy Yiuf
  5426 | D:7      | Noticed Pikel
  5439 | D:7      | Killed Pikel
  5440 | D:7      | Reached skill level 13 in Axes
  5640 | D:7      | Reached skill level 10 in Fighting
  5691 | D:7      | Identified the +5 rapier "Suuco" {freeze, Fly rElec rPois
                  | Str+3}
  5703 | D:7      | Found a runed translucent door.
  5706 | D:7      | Noticed Flugkiller's ghost (novice VSIE)
  5825 | D:7      | Killed Crazy Yiuf
  5914 | D:7      | Killed Flugkiller's ghost
  5915 | D:7      | Reached skill level 14 in Axes
  5928 | D:7      | Identified the +0 mace of the Pharaoh's Fist {flame, rF+}
  6037 | D:8      | Noticed a two-headed ogre
  6044 | D:8      | Killed a two-headed ogre
  6045 | D:8      | Reached skill level 1 in Throwing
  6045 | D:8      | Reached skill level 1 in Evocations
  6288 | D:8      | Found a snail-covered altar of Cheibriados.
  6644 | D:8      | Found a staircase to the Lair.
  7035 | D:8      | Identified a scroll of acquirement
  7035 | D:8      | Acquired the ring "Pieddaergho" {Will+ Slay+3}
  7087 | D:9      | Found a staircase to the Orcish Mines.
  7097 | D:9      | Noticed an orange demon
  7106 | D:9      | Killed an orange demon
  7142 | D:9      | Reached XP level 11. HP: 101/101 MP: 10/10
  7203 | D:9      | Reached **** piety under Trog
  7271 | D:9      | Noticed Amaemon
  7281 | D:9      | Killed Amaemon
  7893 | D:10     | Entered Level 10 of the Dungeon
  8028 | D:10     | Noticed Harold
  8037 | D:10     | Killed Harold
  8050 | D:10     | Found Fuebuc's Armour Shoppe.
  8101 | D:10     | Noticed Joseph
  8107 | D:10     | Killed Joseph
  8295 | D:10     | Noticed a two-headed ogre
  8301 | D:10     | Killed a two-headed ogre
  8867 | D:11     | Noticed a catoblepas
  8872 | D:11     | Killed a catoblepas
  8873 | D:11     | Reached skill level 15 in Axes
  9045 | D:11     | Found a stormy altar of Qazlal.
  9293 | D:11     | Found a runed translucent door.
  9294 | D:11     | Found a shimmering altar of Xom.
  9294 | D:11     | Noticed Doxiuhun's ghost (journeyman GnSk)
  9294 | D:11     | Noticed a +0 mace of chaos
  9566 | Lair:1   | Entered Level 1 of the Lair of Beasts
  9606 | Lair:1   | Reached XP level 12. HP: 110/110 MP: 11/11
  9616 | Lair:1   | Reached skill level 5 in Throwing
  9917 | Lair:1   | Reached ***** piety under Trog
 10050 | Lair:1   | Noticed Grum
 10054 | Lair:1   | Received a gift from Trog
 10066 | Lair:1   | Killed Grum
 10171 | Lair:1   | Reached skill level 16 in Axes
 10364 | Lair:1   | Reached skill level 10 in Armour
 10737 | Lair:2   | Noticed an eight-headed hydra
 10743 | Lair:2   | Killed a six-headed hydra
 10755 | Lair:2   | Reached XP level 13. HP: 103/119 MP: 12/12
 11272 | Lair:2   | Reached skill level 10 in Dodging
 11663 | Lair:3   | Reached skill level 17 in Axes
 11712 | Lair:3   | Found a staircase to the Snake Pit.
 11883 | Lair:3   | Found a staircase to the Swamp.
 12217 | Lair:3   | Reached skill level 18 in Axes
 12225 | Lair:3   | Identified the +12 broad axe "Puxzaw" {flame, rF+ rC+ rN+
                  | Str+3} (Trog gifted it to you on level 3 of the Lair of
                  | Beasts)
 12225 | Lair:3   | Received a gift from Trog
 12390 | Lair:3   | Reached skill level 1 in Shields
 12823 | Lair:4   | Reached XP level 14. HP: 120/132 MP: 13/13
 13102 | Lair:4   | Reached skill level 19 in Axes
 13269 | Lair:4   | Found a runed translucent door.
 13269 | Lair:4   | Noticed lDtest's ghost (journeyman GnCj)
 13619 | Lair:4   | Killed lDtest's ghost
 13636 | Lair:4   | Reached skill level 15 in Fighting
 13636 | Lair:4   | Reached XP level 15. HP: 141/141 MP: 14/14
 13661 | Lair:5   | Entered Level 5 of the Lair of Beasts
 13694 | Lair:5   | Reached skill level 20 in Axes
 13895 | Lair:5   | Received a gift from Trog
 13923 | Lair:5   | Found a viscous altar of Jiyva.
 13925 | Lair:5   | Found a staircase to the Slime Pits.
 14224 | Lair:5   | Reached skill level 5 in Shields
 14504 | Lair:5   | Reached skill level 5 in Evocations
 14767 | Lair:5   | Identified the +1 helmet of the Bagpipe {-Tele Dex+5}
 14985 | Orc:1    | Entered Level 1 of the Orcish Mines
 15205 | Orc:1    | Found a radiant altar of Vehumet.
 15207 | Orc:1    | Received a gift from Trog
 15299 | Orc:1    | Noticed Erolcha
 15308 | Orc:1    | Killed Erolcha
 15417 | Orc:2    | Entered Level 2 of the Orcish Mines
 15649 | Orc:2    | Found a staircase to the Elven Halls.
 15691 | Orc:2    | HP: 6/143 [orc knight/+0 glaive (9)]
 15792 | Orc:2    | Received a gift from Trog
 16174 | Orc:2    | Reached XP level 16. HP: 130/151 MP: 15/15
 16186 | Orc:2    | Found Mitronouff's Jewellery Shop.
 16186 | Orc:2    | Found Xemit's Distillery.
 16217 | Orc:2    | Found Wiulenopt's Distillery.
 16217 | Orc:2    | Found Oveirghae's Distillery.
 16275 | Orc:2    | Bought a potion of heal wounds for 65 gold pieces
 16275 | Orc:2    | Bought a potion of haste for 130 gold pieces
 16275 | Orc:2    | Bought a potion of heal wounds for 65 gold pieces
 16275 | Orc:2    | Bought a potion of cancellation for 104 gold pieces
 16490 | D:4      | Bought a potion of invisibility for 88 gold pieces
 16490 | D:4      | Bought a potion of resistance for 110 gold pieces
 16490 | D:4      | Bought 2 potions of resistance for 220 gold pieces
 16504 | D:4      | Bought a potion of cancellation for 96 gold pieces
 16504 | D:4      | Bought 2 potions of resistance for 240 gold pieces
 16504 | D:4      | Bought 2 potions of cancellation for 192 gold pieces
 16724 | Orc:2    | Bought 2 potions of heal wounds for 150 gold pieces
 16724 | Orc:2    | Bought a potion of haste for 150 gold pieces
 17155 | D:12     | Identified the +4 trident of the Onslaught {freeze, rC-
                  | Str+4 Int+3 Stlth+}
 17262 | D:12     | Received a gift from Trog
 17352 | D:12     | Found a hide-covered altar of Uskayaw.
 17742 | D:13     | Identified the +0 ring mail of Qazlal's Pride {Harm
                  | *Corrode rElec Dex+3}
 18654 | D:14     | Noticed Agnes
 18670 | D:14     | Killed Agnes
 18709 | D:14     | Received a gift from Trog
 18937 | D:14     | Found a sparkling altar of Nemelex Xobeh.
 19065 | D:14     | Found a gate to the Vaults.
 19152 | D:15     | Entered Level 15 of the Dungeon
 19155 | D:15     | Found a gate leading to a gauntlet.
 19187 | Gauntlet | Entered a Gauntlet
 19187 | Gauntlet | Found a transporter.
 19197 | Gauntlet | Found a transporter.
 19199 | Gauntlet | Found a transporter.
 19200 | Gauntlet | Found a transporter.
 19208 | Gauntlet | Found a transporter.
 19211 | Gauntlet | Found a transporter.
 19212 | Gauntlet | Found a transporter.
 19216 | Gauntlet | Found a runed translucent door.
 19220 | Gauntlet | Found a transporter.
 19223 | Gauntlet | Found a transporter.
 19224 | Gauntlet | Found a transporter.
 19236 | Gauntlet | Found a transporter.
 19236 | Gauntlet | Found a transporter.
 19237 | Gauntlet | Found a transporter.
 19254 | Gauntlet | Found a transporter.
 19285 | Gauntlet | Found a runed translucent door.
 19524 | Gauntlet | Identified the ring of Grace {rN+ AC+4}
 19580 | Gauntlet | Identified the staff "Afed" {^Fragile rN+ SInv Earth}
 19580 | Gauntlet | Identified the +6 dagger of Caoz Wuala {holy, Dex+5}
 19766 | D:15     | Acquired 584 gold pieces
 19768 | D:15     | Acquired a +2 hat of willpower
 19915 | D:15     | Reached XP level 17. HP: 160/160 MP: 16/16
 20016 | D:15     | Found a staircase to the Depths.
 20543 | Snake:1  | Entered Level 1 of the Snake Pit
 21101 | Snake:1  | Noticed Rupert
 21110 | Snake:1  | Killed Rupert
 21928 | Snake:2  | Noticed Saint Roka
 22043 | Snake:2  | Reached skill level 10 in Throwing
 22318 | Snake:2  | Reached skill level 15 in Armour
 22480 | Snake:2  | Killed Saint Roka
 22482 | Snake:2  | You fall into a shaft and drop 1 floor!
 22487 | Snake:3  | Received a gift from Trog
 22652 | Snake:2  | Found Adon's Gadget Gallery.
 22657 | Snake:2  | Bought a phantom mirror for 600 gold pieces
 22931 | Snake:2  | Acquired the +2 pair of boots of the Lion {rPois MP+9}
 23186 | Snake:2  | Bought a box of beasts for 600 gold pieces
 23334 | Snake:3  | Received a gift from Trog
 23521 | Snake:3  | Reached XP level 18. HP: 142/172 MP: 17/17
 23895 | Snake:3  | Reached skill level 10 in Shields
 24018 | Snake:4  | Entered Level 4 of the Snake Pit
 24459 | Snake:4  | Received a gift from Trog
 25002 | Snake:4  | HP: 5/167 [naga sharpshooter/bolt (8)]
 25004 | Snake:4  | Killed from afar by a nagaraja

Illustrated notes

Levels and vault maps discovered:
D:1:      lightli_arrival_noodles, layout_rooms
D:2:      layout_rooms, minmay_misc_feat_chi
D:3:      minmay_chambers_of_threes, layout_basic,
          minmay_overflow_temple_star_quad, serial_bayou_pond_c,
          minmay_misc_feat_doors, st_stairs_14, uniq_grinder, uniq_natasha,
          uniq_sigmund
D:4:      layout_basic, hangedman_ru_absence, serial_shops, nicolae_shop_stone,
          nicolae_shop_pleasant_corner_grove, uniq_ijyb, uniq_duvessa,
          uniq_eustachio, uniq_menkaure
D:5:      kennysheep_windowed_halls, layout_loops_ring, nicolae_vehumet_radiance
D:6:      minmay_spotlight, layout_rooms, minmay_temple_entry_mist
D:7:      layout_basic, ebering_ghost_inner_flame, uniq_maggie, uniq_maurice,
          uniq_pikel, uniq_crazy_yiuf_cottage
D:8:      layout_basic, mainiacjoe_overflow_alcove_2, erik_lair_orcish_takeover,
          columned_hall_lemuel
D:9:      layout_loops_cross, david_orc_2, fungi_pond_lemuel, uniq_amaemon
D:10:     layout_loops_corners, serial_shops, shop, uniq_joseph, uniq_harold
D:11:     layout_roguey, ebering_ghost_xom, nicolae_qazlal_style_of_elements
D:12:     minmay_the_grid_square_5x5_4x4_mashed
          [minmay_the_grid_square_5x5_minimal,
          minmay_the_grid_square_5x5_shrine2, minmay_the_grid_square_5x5_eight,
          minmay_the_grid_square_5x5_tetrominoes,
          minmay_the_grid_square_5x5_corner,
          minmay_the_grid_square_5x5_prize_snowflake,
          minmay_the_grid_square_5x5_prize_open,
          minmay_the_grid_square_5x5_seven, minmay_the_grid_square_5x5_plus,
          minmay_the_grid_square_5x5_prize_itemx,
          minmay_the_grid_square_5x5_prize_monsterx,
          minmay_the_grid_square_5x5_shuriken,
          minmay_the_grid_square_5x5_one_wall,
          minmay_the_grid_square_5x5_gyroscope, minmay_the_grid_square_5x5_c,
          minmay_the_grid_square_5x5_three_walls], layout_small_grid,
          nicolae_uskayaw_en_pointe
D:13:     layout_gridville
D:14:     layout_cave_pools, david_vaults_4, kennysheep_pointless_box,
          nemelex_lonely_heart_becter, uniq_agnes
D:15:     grunt_enter_depths_giant_problem, layout_loops_cross,
          hangedman_abyss_or_decor_lesser_grid, gauntlet_entry_generic
Lair:1:   layout_cave_pods, beast_lair_carwin_4, uniq_grum
Lair:2:   layout_cave_pods, grunt_megastairs_1
Lair:3:   nzn_winding_woodlands_medium [nzn_winding_woodlands_5x5_default,
          nzn_winding_woodlands_5x15_pool, nzn_winding_woodlands_5x5_three,
          nzn_winding_woodlands_5x5_open_star,
          nzn_winding_woodlands_center_pierced_h,
          nzn_winding_woodlands_5x5_cross,
          nzn_winding_woodlands_5x5_closed_star,
          nzn_winding_woodlands_5x15_pathside_ponds,
          nzn_winding_woodlands_5x5_perimeter], layout_loops_ring,
          minmay_swamp_entry_worms, alex1729_snake_entry_snake,
          fungi_pond_lemuel, serial_bayou_shore_b
Lair:4:   layout_cave_pods, hellmonk_ghost_happy_afterlife, lemuel_fruit_fields,
          lemuel_fruit_tree
Lair:5:   evilmike_catoblepas_cave, layout_gridlike, slime_entry_1,
          kennysheep_rathole
Snake:1:  layout_chambers, uniq_rupert
Snake:2:  layout_rooms, nicolae_shop_gadgets, uniq_saint_roka
Snake:3:  layout_rooms, st_stairs_12, serial_bayou_shore_b, grunt_megastairs_4
Snake:4:  grunt_snake_rune_serpentine_throne, layout_cave_town,
          serial_bayou_pond_a, grunt_megastairs_5
Orc:1:    layout_caves, basic_altar, uniq_erolcha
Orc:2:    st_orc_pillars, layout_caves

Skill      XL: |  1  2  3  4  5  6  7  8  9 10 11 12 13 14 15 16 17 18 |
---------------+-------------------------------------------------------+-----
Axes           | 4 5 6 7 9 12 14 15 16 18 19 20 | 20.0
Fighting       | 4 5 6 7 9 10 11 12 14 15 16 18 | 18.9
Armour         | 3 4 5 6 8 10 12 14 15 16 | 16.0
Stealth        | 1 2 |  2.0
Dodging        | 3 4 6 8 9 10 11 12 13 14 | 14.0
Throwing       | 2 4 6 7 9 10 12 | 12.0
Evocations     | 2 4 5 7 8 |  8.0
Shields        | 2 4 6 8 9 10 | 10.0

Action                     |  1- 3 |  4- 6 |  7- 9 | 10-12 | 13-15 | 16-18 || total
---------------------------+-------+-------+-------+-------+-------+-------++-------
  Melee: Hand axe          |    62 |    44 |   307 |   434 |       |       ||   847
         Headbutt          |     9 |     7 |    56 |   138 |   104 |   168 ||   482
         Punch             |       |     1 |       |       |       |       ||     1
         Battleaxe         |       |       |       |    27 |   191 |       ||   218
         Broad axe         |       |       |       |       |   323 |   791 ||  1114
  Throw: Boomerang         |       |       |       |       |       |     1 ||     1
 Invoke: Trog's Hand       |       |     3 |     2 |     3 |     3 |     5 ||    16
         Berserk           |       |     1 |     7 |    12 |     5 |     6 ||    31
         Brothers in Arms  |       |       |       |       |     2 |     2 ||     4
  Evoke: Wand              |       |       |       |     1 |     2 |       ||     3
    Use: Scroll            |     1 |       |    10 |     7 |    10 |    15 ||    43
         Potion            |       |       |       |       |     3 |     6 ||     9
   Stab: Invisible         |       |       |       |       |     1 |       ||     1
         Distracted        |       |       |       |       |       |     1 ||     1
 Armour: Animal skin       |     7 |       |       |       |       |       ||     7
         Plate armour      |    38 |    35 |   224 |   248 |   297 |   462 ||  1304
  Dodge: Dodged            |    30 |     9 |   143 |   161 |   203 |   406 ||   952
  Block: Kite shield       |       |       |       |       |   137 |   383 ||   520
